 Dungeon Crawl Stone Soup version 0.31.0-32-g396128a36d (webtiles) character file.

Game seed: 16334995540881862562

3 Henri the Changeling (level 1, 0/13 HPs)
             Began as an Octopode Shapeshifter on Apr 10, 2024.
             Slain by a quokka (3 damage)
             ... on level 1 of the Dungeon.
             The game lasted 00:00:17 (71 turns).

Henri the Changeling (Octopode Shapeshifter)          Turns: 71, Time: 00:00:18

Health: 0/13       AC:  1    Str: 13    XL:     1   Next: 50%
Magic:  1/1        EV: 13    Int: 12    God:
Gold:   0          SH:  0    Dex: 11    Spells: 0/0 levels left

rFire   . .          .
                       - Unarmed
rCold   . . .        (no shield)
rNeg    . . .        (helmet currently unavailable)
rPois   .            (no amulet)
rElec   .            (no ring)
rCorr   .            (no ring)
SInv    .            (no ring)
Will    .....        (no ring)
Stlth   ++           (no ring)
HPRegen 0.22/turn    (no ring)
MPRegen 0.07/turn    (no ring)
                     (no ring)

%: no passive effects
@: beast-form
A: beast (slay +1), almost no armour, amphibious, 8 rings, camouflage 1,
gelatinous body 1, (nimble swimmer 1), tentacles
a: Begin Untransformation


You were on level 1 of the Dungeon.
You were a hulking beast.
You visited 1 branch of the dungeon, and saw 1 of its levels.

Inventory:

Talismans
 b - a beast talisman
 c - a flux talisman
Potions
 a - a potion of lignification
 d - a potion of enlightenment {unknown}


   Skills:
 - Level 1.0 Fighting
 - Level 2.0 Dodging
 - Level 3.0 Unarmed Combat
 + Level 3.2 Shapeshifting


You couldn't memorise any spells.
You didn't know any spells.
Your spell library was empty.

Dungeon Overview and Level Annotations

Branches:
Dungeon (1/15)

Altars:


Innate Abilities, Weirdness & Mutations

You are a hulking beast.
Your limbs bulge with bestial killing power. (Slay +1)
You cannot wear most types of armour.
You are amphibious.
You can wear up to eight rings at the same time.
Your skin changes colour to match your surroundings (Stealth+).
Your rubbery body absorbs attacks. (AC +1, EV +1)
((You are camouflaged when in or above water. (Stealth+)))
You have tentacles for arms and can constrict up to eight enemies at once.


Message History

The jackal moves out of view.
You hear an angry hiss.
An endoplasm and a jackal come into view.
Found a stone staircase leading down.
The quokka misses you.
The jackal bites you but does no damage.
The bat hits you but does no damage.
The jackal moves out of view.
Unknown command.
The bat hits you. The bat attacks as it pursues you! The bat hits you.
The bat closely misses you. The jackal barely misses you. The quokka bites you.
The bat hits you but does no damage. The bat hits you.
The bat attacks as it pursues you! The bat hits you. x2
The jackal attacks as it pursues you! The jackal completely misses you.
The jackal bites you. The bat misses you. The bat hits you.
The bat hits you but does no damage. The bat barely misses you.
The bat attacks as it pursues you! The bat barely misses you.
The bat closely misses you.
You barely miss the bat.
The endoplasm quivers.
You grab the bat. You squeeze the bat.
You kill the bat!
You barely miss the jackal. Your grab misses the jackal. The jackal bites you.
* * * LOW HITPOINT WARNING * * *
Unknown command.
You tentacle-slap the bat.
You kill the bat!
The jackal bites you.
* * * LOW HITPOINT WARNING * * *
Unknown command.
You tentacle-slap the jackal. You grab the jackal.
The jackal is moderately wounded.
You constrict the jackal. The jackal barely misses you.
The jackal closely misses you.
You tentacle-slap the jackal. You squeeze the jackal.
You kill the jackal!
A ball python comes into view.
The ball python hisses angrily.
You tentacle-slap the quokka. Your grab misses the quokka.
The quokka is severely wounded.
The quokka bites you.
You die...

#### #.########.....# .#
...###..#....###....######.#
.....##...(#...#...........##
......#######.##.....#.......
.⌠....##...##..#.............
(.......##...###....#.......#
.....######### #h......w.#.
...######...####r#.....#....
.### ##.......##h##.#.....8..
### #.........#†#..#.#....h.
..####....<....#.............
...##..........#J.....#.....>
.....##.......##.............
...######...###....[.........
..## ##### ........ .8.. ###
........ #


You could see an endoplasm, a quokka and a jackal.

Vanquished Creatures
  A jackal (D:1)
  2 bats (D:1)
3 creatures vanquished.

Notes
Turn   | Place    | Note
-------+----------+-------------------------------------------
     0 | D:1      | Henri the Octopode Shapeshifter began the quest for the
                  | Orb.
     0 | D:1      | Reached XP level 1. HP: 13/13 MP: 1/1
    71 | D:1      | Slain by a quokka

Illustrated notes

Levels and vault maps discovered:
D:1:      dpeg_arrival_three_same_balls, layout_rooms, minivault_11,
          st_stairs_1, hangedman_decor_lopped

Action                     || total
---------------------------++-------
  Melee: Unarmed           ||     6
         Constrict         ||     2
         Tentacles         ||     2
 Armour: Skin              ||    15
  Dodge: Dodged            ||    10
